 Dungeon Crawl Stone Soup version 0.27.1-33-g824d729ab1 (webtiles) character file.

Game seed: 3913914691425135711

95 Kaptain the Digger (level 4, 0/25 HPs)
             Began as a Gargoyle Earth Elementalist on Dec 27, 2021.
             Killed from afar by an orc wizard (8 damage)
             ... with a magic dart
             ... on level 3 of the Dungeon.
             The game lasted 00:06:03 (2300 turns).

Kaptain the Digger (Gargoyle Earth Elementalist)    Turns: 2300, Time: 00:06:03

Health: 0/25       AC:  7    Str: 12    XL:     4   Next: 65%
Magic:  7/8        EV: 11    Int: 16    God:
Gold:   120        SH:  0    Dex: 10    Spells: 4/8 levels left

rFire    . . .     SeeInvis .   k - +0 short sword
rCold    . . .     Faith    .   (no shield)
rNeg     + . .     Spirit   .   o - +0 leather armour
rPois    ∞         Reflect  .   j - +0 helmet
rElec    +         Harm     .   (no cloak)
rCorr    .         Rampage  .   (no gloves)
Will     .....                  (no boots)
Stlth    ++........             (no amulet)
HPRegen  0.08/turn              (no ring)
MPRegen  0.11/turn              (no ring)

@: mighty, brilliant, flying
A: sickness immunity, AC +3, negative energy resistance 1, electricity
resistance, torment resistance 1, petrification resistance
a: no special abilities


You were on level 3 of the Dungeon.
You visited 1 branch of the dungeon, and saw 3 of its levels.

You collected 120 gold pieces.

Inventory:

Hand Weapons
 k - a +0 short sword (weapon)
Missiles
 c - 30 stones
Armour
 j - a +0 helmet (worn)
 o - a +0 leather armour (worn)
Wands
 m - a wand of charming (12)
Scrolls
 b - a scroll of amnesia {unknown}
 e - a scroll of fear {unknown}
 f - 3 scrolls of identify {unknown}
 g - a scroll of enchant weapon {unknown}
 h - a scroll of noise {unknown}
 i - 2 scrolls of vulnerability {unknown}
 l - a scroll of immolation {unknown}


   Skills:
 + Level 1.3 Fighting
 + Level 1.3 Armour
 + Level 1.8 Dodging
 + Level 2.7 Stealth
 * Level 2.9 Spellcasting
 - Level 0.7 Transmutations
 * Level 4.3 Earth Magic


You had 4 spell levels left.
You knew the following spells:

 Your Spells              Type           Power      Damage    Failure   Level
a - Sandblast             Erth           48%        2d12      4%          1
b - Stone Arrow           Conj/Erth      28%        3d8       28%         3

Your spell library contained the following spells:

 Spells                   Type           Power      Damage    Failure   Level
 Passwall                 Tmut/Erth      12%        N/A       13%         2
 Petrify                  Tmut/Erth      15%        N/A       63%         4


Dungeon Overview and Level Annotations

Branches:
Dungeon (3/15)

Altars:
Nemelex Xobeh
Beogh

Shops:
D:2 (=(*


Innate Abilities, Weirdness & Mutations

You are immune to sickness and miasma.
Your stone body is resilient. (AC +3)
You are immune to poison.
You resist negative energy. (rN+)
You are resistant to electric shocks. (rElec)
You are resistant to unholy torment.
You are immune to petrification.


Message History

Something hits you but does no damage.
The orc priest begins to cast a cantrip, but forgets the words!
You completely miss something. Something hits you.
You hear some strange, mumbled words.
Something hits you.
You're too confused to move!
The orc priest hits you but does no damage.
You bump into the rock wall.
The orc priest misses you.
You bump into the rock wall.
The orc priest barely misses you.
Something hits the orc priest.
You bump into the rock wall.
The orc priest closely misses you.
You miss something.
The orc priest hits you with a +0 flail.
You bump into the rock wall.
The orc priest hits you with a +0 flail!
You bump into the rock wall.
The orc priest misses you.
You puncture the orc priest!
You kill the orc priest!
You feel less confused. Something hits you.
You hit something. Something hits you but does no damage.
You completely miss something. Something hits you but does no damage.
You miss something. Something hits you. Something hits you but does no damage.
There is an open door, spattered with blood here.
You start resting.
Magic restored.
Something barely misses you. Something hits you but does no damage.
Something completely misses you.
Casting: Sandblast (safe; 4% risk of failure)
Confirm with . or Enter, or press ? or * to list all spells.
Aiming: Sandblast (safe; 4% risk of failure)
Press: ? - help, Shift-Dir - straight line You feel a surge of power!
The blast of sand hits something!
An orc wizard appears from thin air!
Reactivating autopickup.
You hear some strange, mumbled words.
A magic dart appears from out of thin air!
Deactivating autopickup; reactivate with Ctrl-A.
The magic dart hits you!
You die...

.................#
####.#####.......#
#.# #.......# #.#
#.......# #.#
#.#####.#
#.#####.#####.#
#.............#
####..##########.#
.....(...##$$.##@#
#####.####.8$8.#{#
### #_$$..'o#
#.8.8.### ##$$.#
####


You could see an orc wizard.

Vanquished Creatures
  An orc priest (D:3)
  2 adders
  4 dart slugs
  An orc (D:3)
  5 ball pythons (D:1)
  2 bats
  9 endoplasms
  2 giant cockroaches (D:3)
  3 goblins (D:1)
  4 hobgoblins
  5 kobolds
38 creatures vanquished.

Notes
Turn   | Place    | Note
-------+----------+-------------------------------------------
     0 | D:1      | Kaptain the Gargoyle Earth Elementalist began the quest for
                  | the Orb.
     0 | D:1      | Reached XP level 1. HP: 10/10 MP: 3/3
   167 | D:1      | Reached XP level 2. HP: 15/15 MP: 0/5
   530 | D:1      | Found a faded altar of an unknown god.
   860 | D:1      | Reached XP level 3. HP: 20/20 MP: 4/6
   863 | D:1      | Reached skill level 4 in Earth Magic
   867 | D:1      | Learned a level 3 spell: Stone Arrow
  1033 | D:2      | Found Qar Xaox's Antique Weapon Shop.
  1142 | D:2      | Reached skill level 1 in Armour
  1210 | D:2      | Found Utiaffy's Jewellery Shoppe.
  1221 | D:2      | Found Zietrium's General Store.
  1256 | D:2      | Found Jipu's Weapon Emporium.
  1767 | D:3      | Reached skill level 1 in Fighting
  1951 | D:3      | Reached XP level 4. HP: 25/25 MP: 6/8
  2185 | D:3      | Found a sparkling altar of Nemelex Xobeh.
  2300 | D:3      | Killed from afar by an orc wizard

Illustrated notes

Levels and vault maps discovered:
D:1:      grunt_arrival_crossed_arrows, layout_basic,
          hellmonk_ecumenical_altar_arch_garden
D:2:      layout_loops_ring, serial_shops, nicolae_shop_window_shopping, shop,
          shop, nicolae_shop_crystal
D:3:      layout_loops_ring, nemelex_dance_club_becter,
          gammafunk_temple_overflow_claw, kennysheep_orc_chapel

Skill      XL: |  1  2  3 |
---------------+----------+-----
Earth Magic    | 4 |  4.3
Armour         | 1 |  1.3
Fighting       | 1 |  1.3
Dodging        | |  1.8
Stealth        | |  2.7
Spellcasting   | |  2.9
Transmutations | |  0.7

Action                   |  1- 3 |  4- 6 || total
-------------------------+-------+-------++-------
Melee: Dagger            |     7 |       ||     7
       Short sword       |       |     6 ||     6
 Cast: Sandblast         |    44 |    11 ||    55
  Use: Potion            |       |     3 ||     3
 Stab: Sleeping          |     1 |       ||     1
Armor: Robe              |     5 |       ||     5
       Leather armour    |     2 |     8 ||    10
Dodge: Dodged            |     6 |     6 ||    12
